 Dungeon Crawl Stone Soup version 0.28-a0-241-gfbb0926a3a (webtiles) character file.

Game seed: 11343521452893405028

95 Malachi the Changer (level 4, 0/30 (32) HPs)
             Began as a Demonspawn Transmuter on Aug 24, 2021.
             Was a Follower of Kikubaaqudgha.
             Slain by a necrophage (6 damage)
             ... on level 4 of the Dungeon.
             The game lasted 00:02:42 (2415 turns).

Malachi the Changer (Demonspawn Transmuter)         Turns: 2415, Time: 00:02:42

HP:   0/30 (32)     AC:  2    Str:  8    XL:     4   Next: 40%
MP:   5/7           EV: 19    Int: 16    God:    Kikubaaqudgha [*.....]
Gold: 92            SH:  0    Dex: 18    Spells: 3/7 levels left

rFire   . . .      SeeInvis .     - Unarmed
rCold   . . .      Faith    .   (shield currently unavailable)
rNeg    . . .      Spirit   .   (armour currently unavailable)
rPois   x          Reflect  .   (helmet currently unavailable)
rElec   .          Harm     .   (cloak currently unavailable)
rCorr   .          Rampage  .   (gloves currently unavailable)
Will    .....      Clarity  +   (boots currently unavailable)
Stlth   ++........              (no amulet)
HPRegen 0.10/turn               (no ring)
MPRegen 0.10/turn               (no ring)

@: spider-form (expiring), drained
A: venomous fangs, tiny, (sharp scales 2), clarity, (poison resistance), weak 1
a: End Transformation, Renounce Religion, Receive Corpses


You were on level 4 of the Dungeon.
You worshipped Kikubaaqudgha.
Kikubaaqudgha was aware of your devotion.
You were a venomous arachnid creature.
You visited 1 branch of the dungeon, and saw 4 of its levels.

You collected 92 gold pieces.

Inventory:

Hand Weapons
 f - a +3 dagger
Armour
 a - a +0 robe (melded)
 e - a +0 cloak (melded)
Scrolls
 b - 2 scrolls of identify
 d - a scroll of teleportation
Potions
 c - a potion of cancellation


   Skills:
 - Level 1.0 Fighting
 - Level 1.7 Dodging
 - Level 2.6 Unarmed Combat
 - Level 2.0 Spellcasting
 * Level 3.2 Transmutations
 * Level 2.8 Poison Magic


You had 3 spell levels left.
You knew the following spells:

 Your Spells              Type           Power      Damage    Failure   Level
a - Beastly Appendage     Tmut           24%        N/A       16%         1
b - Spider Form           Tmut/Pois      5%         N/A       38%         3

Your spell library contained the following spells:

 Spells                   Type           Power      Damage    Failure   Level
 Sting                    Tmut/Pois      44%        1d5       17%         1
 Wereblood                Tmut           12%        N/A       22%         2
 Poisonous Vapours        Pois/Air       12%        N/A       38%         2
 Pain                     Necr           4%         1d4       41%         1
 Corpse Rot               Necr/Air       N/A        N/A       52%         2
 Sublimation of Blood     Necr           0%         N/A       52%         2
 Vampiric Draining        Necr           0%         2d6       73%         3
 Olgreb's Toxic Radiance  Pois           10%        N/A       75%         4
 Ice Form                 Ice/Tmut       6%         N/A       87%         4


Dungeon Overview and Level Annotations

Branches:
Dungeon (3/15)

Altars:
Kikubaaqudgha


Innate Abilities, Weirdness & Mutations

You are a venomous arachnid creature.
You have poisonous fangs.
You are tiny and dextrous.
Your spellcasting is less reliable in this form.
Your armour is entirely melded.
You are incapable of wielding weapons or throwing items.
((You are mostly covered in razor-sharp scales. (AC +2, Slay +2)))
You possess an exceptional clarity of mind.
((Your system is resistant to poisons. (rPois)))
You are weak. (Str -2)


Message History

You hit the necrophage.
The necrophage is moderately damaged.
The necrophage hits you.
You hit the necrophage.
The necrophage is moderately damaged.
The necrophage closely misses you.
You hit the necrophage but do no damage.
The necrophage is moderately damaged.
The necrophage closely misses you.
You hit the necrophage.
The necrophage is heavily damaged.
The necrophage misses you.
You completely miss the necrophage.
The necrophage is heavily damaged.
Your transformation is almost over.
The necrophage barely misses you.
You hit the necrophage.
The necrophage is heavily damaged.
The necrophage hits you.
You feel drained.
* * * LOW HITPOINT WARNING * * *
You barely miss the necrophage.
The necrophage is heavily damaged.
The necrophage closely misses you.
You barely miss the necrophage.
The necrophage is heavily damaged.
The necrophage misses you.
You hit the necrophage.
The necrophage is severely damaged.
The necrophage misses you.
You hit the necrophage.
The necrophage is severely damaged.
The necrophage hits you.
* * * LOW HITPOINT WARNING * * *
You feel drained.
* * * LOW HITPOINT WARNING * * *
You hit the necrophage.
The necrophage is severely damaged.
The necrophage hits you.
You die...
Kikubaaqudgha rasps: "You have failed me!
Welcome... death!"

### #########.#
#.........# #.#######.#
#.# #.# ########.# #.#
.......#.#### #.#
............####.#
................s#
............###..n......
............# #.........
............# #.........
.......###.## ..........
.......# .....####..#..
.......# ....# #.# .
...... .. .. ###...


You could see a necrophage.

Vanquished Creatures
  A scorpion (D:4)
  An adder (D:2)
  A ball python (D:1)
  2 bats
  4 endoplasms
  2 giant cockroaches
  4 goblins
  4 hobgoblins
  3 kobolds
  A quokka (D:2)
  2 frilled lizards (D:2)
  2 rats
27 creatures vanquished.

Vanquished Creatures (others)
  3 fungi (D:4)
3 creatures vanquished.

Grand Total: 30 creatures vanquished

Notes
Turn   | Place    | Note
-------+----------+-------------------------------------------
     0 | D:1      | Malachi the Demonspawn Transmuter began the quest for the
                  | Orb.
     0 | D:1      | Reached XP level 1. HP: 15/15 MP: 3/3
   286 | D:1      | Reached skill level 2 in Transmutations
   479 | D:1      | Reached skill level 1 in Poison Magic
   658 | D:1      | Gained mutation: You are partially covered in razor-sharp
                  | scales. (AC +1, Slay +1) [demonic ancestry]
   658 | D:1      | Reached XP level 2. HP: 20/21 MP: 3/5
   865 | D:1      | Found a faded altar of an unknown god.
  1299 | D:1      | Became a worshipper of Kikubaaqudgha
  1299 | D:1      | Reached * piety under Kikubaaqudgha
  1299 | D:1      | Received a gift from Kikubaaqudgha
  1553 | D:2      | Reached XP level 3. HP: 26/26 MP: 4/6
  1557 | D:2      | Learned a level 3 spell: Spider Form
  1660 | D:2      | Gained mutation: You are weak. (Str -2) [potion of
                  | mutation]
  1660 | D:2      | Gained mutation: You possess an exceptional clarity of
                  | mind. [potion of mutation]
  1660 | D:2      | Gained mutation: Your system is resistant to poisons.
                  | (rPois) [potion of mutation]
  2195 | D:3      | You fall into a shaft and drop 1 floor!
  2195 | D:4      | Noticed a scorpion
  2200 | D:4      | Killed a scorpion
  2201 | D:4      | Reached skill level 3 in Transmutations
  2201 | D:4      | Gained mutation: You are mostly covered in razor-sharp
                  | scales. (AC +2, Slay +2) [demonic ancestry]
  2201 | D:4      | Reached XP level 4. HP: 32/32 MP: 0/7
  2394 | D:4      | Noticed a necrophage
  2415 | D:4      | Slain by a necrophage

Illustrated notes

Levels and vault maps discovered:
D:1:      lightli_arrival_farm, layout_basic,
          hellmonk_ecumenical_altar_leap_of_faith, chequers_mini_garden
D:2:      layout_basic
D:3:      layout_loops_ring, minitemple
D:4:      layout_basic, nicolae_elyvilon_peaceful_grove,
          mainiacjoe_overflow_boulevard, hangedman_decor_slide_cut,
          minmay_close_crescents, uniq_robin, uniq_ijyb, uniq_sigmund

Skill      XL: |  1  2  3 |
---------------+----------+-----
Transmutations | 2 3 |  3.2
Poison Magic   | 1 2 |  2.8
Fighting       | |  1.0
Dodging        | |  1.7
Unarmed Combat | |  2.6
Spellcasting   | |  2.0

Action                   |  1- 3 |  4- 6 || total
-------------------------+-------+-------++-------
Melee: Unarmed           |    61 |    14 ||    75
       Kick              |    18 |       ||    18
       Headbutt          |     8 |       ||     8
 Cast: Beastly Appendage |    21 |       ||    21
       Spider Form       |     1 |     1 ||     2
  Use: Scroll            |     3 |       ||     3
       Potion            |     1 |       ||     1
 Stab: Sleeping          |     1 |       ||     1
Armor: Robe              |    16 |       ||    16
       Skin              |       |     1 ||     1
Dodge: Dodged            |    37 |     8 ||    45

Table legend: (Time is in decaauts)
 A = Elapsed time spent in this place.
 B = Non-inter-level travel time spent in this place.
 C = Inter-level travel time spent in this place.
 D = Time resting spent in this place.
 E = Time spent auto-exploring this place.
 F = Levels seen in this place.
 G = Mean time per level.
                   A        B        C        D        E       F      G
               +--------+--------+--------+--------+--------+-----+--------+
         Total |   2429 |   2319 |    110 |    322 |   1734 |   4 |  607.2 |
       Dungeon |   2429 |   2319 |    110 |    322 |   1734 |   4 |  607.2 |
               +--------+--------+--------+--------+--------+-----+--------+

Top non-repeatable levels by time:
     D:1: 1332 daAuts
     D:2: 833 daAuts
     D:4: 219 daAuts
     D:3: 44 daAuts
